AoeStats
← TheYolis

Lombardia

510249280Analyzed
4v4 RM · 2d ago on Sep 30, 2026· 24m 11s· 8 players
Game mode
Random Map
Map size
Large (8 player)
Population
200
Speed
Normal
Resources
Standard
Victory
Conquest
Starting age
Dark Age
Ending age
Imperial Age
RankedLock teamsTeams togetherTeam positionsShared explorationLock speedFull tech treeHidden civsTurbo modeCheats
Victory
Defeat
🇦🇷 Franks · Argentina
1261
+10
🇨🇴 Ethiopians · Colombia
1176
+13
🇺🇸 Hindustanis · United States
1129
+15
🇨🇴 Persians · Colombia
1071
+18
🇵🇪 Mongols · Peru
1156
-16
🇺🇸 Ethiopians · United States
1120
-14
1117
-14
🇨🇦 Malians · Canada
1053
-12
EARLYRUSH
10:57 Feudal Age
9:54 Loom
11:08 Man-at-Arms
11:50 Double-Bit Axe
23:26 Castle Age
21:34 Stone Mining
21:37 Horse Collar
22:28 Scale Mail Armor
[ GMEX ] Uhtred the Uhtred
11:20 Loom
13:05 Feudal Age
17:20 Castle Age
15:53 Horse Collar
23:53 Double-Bit Axe
GrandMasterTitties
10:33 Loom
12:18 Feudal Age
16:59 Castle Age
15:38 Double-Bit Axe
15:39 Horse Collar
17:59 Bow Saw
18:08 Light Cavalry
18:58 Bloodlines
18:48 Husbandry
18:58 Scale Barding Armor
21:49 Forging
tupesadilla
7:40 Loom
10:08 Feudal Age
10:49 Double-Bit Axe
10:45 Horse Collar
TheYolis
0:47 Loom
11:13 Feudal Age
17:32 Castle Age
19:18 Scale Barding Armor
23:23 Forging
CVPE | Monje del SENA
10:57 Feudal Age
13:38 Loom
17:05 Castle Age
18:44 Husbandry
YouTube.com/@CascosWow
6:56 Loom
7:35 Loom
9:51 Feudal Age
10:51 Double-Bit Axe
14:44 Fletching
15:45 Wheelbarrow
15:54 Padded Archer Armor
17:18 Gold Mining
21:08 Castle Age
21:17 Horse Collar
21:32 Crossbowman
22:19 Thumb Ring
22:10 Bodkin Arrow
[ATARB]PELUCHE GUACHIN
10:16 Feudal Age
11:16 Loom
13:44 Forging
14:19 Scale Barding Armor
Connection lost

Rejoining the realm…

Still unreachable

The connection could not be restored.

Session expired

The server has moved on; the page needs a fresh start.